 Dungeon Crawl Stone Soup version 0.31-a0-700-gf13585253f (webtiles) character file.

Game seed: 5969642904086313591

25 Dirtsage the Ruffian (level 2, -4/27 HPs)
             Began as a Troll Shapeshifter on Sept 7, 2023.
             Slain by Sigmund
             ... wielding a +2 scythe of venom
              (5 damage)
             ... on level 2 of the Dungeon.
             The game lasted 00:01:59 (696 turns).

Dirtsage the Ruffian (Troll Shapeshifter)            Turns: 696, Time: 00:01:59

Health: -4/27      AC:  4    Str: 21    XL:     2   Next: 82%
Magic:  1/1        EV:  9    Int:  6    God:
Gold:   34         SH:  0    Dex:  9    Spells: 1/1 levels left

rFire   . .          .
                       - Unarmed
rCold   . . .        (no shield)
rNeg    . . .        a - +0 animal skin
rPois   .            (helmet currently unavailable)
rElec   .            (cloak currently unavailable)
rCorr   .            (gloves unavailable)
SInv    .            (boots unavailable)
Will    +....        (no amulet)
Stlth   +            i - ring of willpower
HPRegen 1.04/turn    (no ring)
MPRegen 0.07/turn

%: no passive effects
@: lethally poisoned (-4 -> -18), beast-form
A: beast (slay +1), large, unfitting armour, claws 3, regeneration 1, shaggy fur
1, tough skin 1
a: Begin Untransformation


You were on level 2 of the Dungeon.
You were a hulking beast.
You visited 1 branch of the dungeon, and saw 2 of its levels.

You collected 34 gold pieces.

Inventory:

Armour
 a - a +0 animal skin (worn)
Jewellery
 i - a ring of willpower (left claw)
Talismans
 c - a beast talisman (active)
 d - a flux talisman
Scrolls
 e - a scroll of noise {unknown}
 f - 2 scrolls of identify {unknown}
 g - a scroll of fog {unknown}
Potions
 b - a potion of lignification
 h - a potion of berserk rage {unknown}


   Skills:
 + Level 1.2 Fighting
 - Level 1.5 Dodging
 * Level 3.6 Unarmed Combat
 + Level 3.2 Shapeshifting


You had one spell level left.
You didn't know any spells.
Your spell library was empty.

Dungeon Overview and Level Annotations

Branches:
Dungeon (2/15)

Altars:

Annotations:
D:2 Sigmund


Innate Abilities, Weirdness & Mutations

You are a hulking beast.
Your limbs bulge with bestial killing power. (Slay +1)
You are too large for most types of armour.
You have claws for hands.
Your natural rate of healing is unusually fast.
You are covered in fur. (AC +1)
You have tough skin. (AC +1)


Message History

You kill the endoplasm!
No target in view!
Things that are here:
a +0 club; a goblin skeleton Done exploring.
There is an open door here.
There is an escape hatch in the floor here.
There is a stone staircase leading down here.
You climb downwards.
Sigmund shouts!
The kobold shouts!
You hear an angry hiss.
There is a stone staircase leading up here.
There are monsters nearby!
You have nothing you can fire or use right now.
Unknown command.
The kobold throws a stone.
The stone hits you but does no damage.
The kobold throws a stone.
The stone hits you. Sigmund completely misses you.
You take 2 damage, and have 25/27 hp.
The quokka twitches its whiskers.
The kobold throws a stone.
The stone hits you.
You closely miss Sigmund.
Sigmund hits you with a +2 scythe of venom!
You are poisoned.
You take 6 damage, and have 19/27 hp.
MASSIVE DAMAGE!!
You barely miss Sigmund.
You feel very sick.
You take 2 damage, and have 17/27 hp.
You claw Sigmund!
Sigmund is moderately wounded.
You feel sick.
Sigmund hits you with a +2 scythe of venom!
* * * LOW HITPOINT WARNING * * *
You are lethally poisoned!
You take 11 damage, and have 6/27 hp.
MASSIVE DAMAGE!!
You barely miss Sigmund.
Sigmund is moderately wounded.
* * * LOW HITPOINT WARNING * * *
You feel very sick.
Sigmund hits you with a +2 scythe of venom.
You die...
Sigmund begins carving another notch in his scythe.

####### #......
.......##
........#
........###
.......@..#####
.......h#......
......r........
......K.#######
.......<#
........#
.......$#
...:....#
.......##
#.....#


You could see Sigmund, a quokka and a kobold.

Vanquished Creatures
  4 ball pythons (D:1)
  3 endoplasms (D:1)
  2 giant cockroaches (D:1)
  4 goblins (D:1)
  A hobgoblin (D:1)
  2 quokkas (D:1)
  A bat (D:1)
  2 frilled lizards (D:1)
  2 kobolds (D:1)
  A rat (D:1)
22 creatures vanquished.

Notes
Turn   | Place    | Note
-------+----------+-------------------------------------------
     0 | D:1      | Dirtsage the Troll Shapeshifter began the quest for the
                  | Orb.
     0 | D:1      | Reached XP level 1. HP: 18/18 MP: 0/0
    46 | D:1      | Found a faded altar of an unknown god.
    56 | D:1      | Reached skill level 1 in Fighting
    84 | D:1      | Reached XP level 2. HP: 23/27 MP: 1/1
   689 | D:2      | Noticed Sigmund
   696 | D:2      | HP: 1/27 [poisoned by Sigmund]
   696 | D:2      | Slain by Sigmund

Illustrated notes

Levels and vault maps discovered:
D:1:      wheals_arrival_linesprint, layout_rooms,
          hellmonk_ecumenical_altar_run_dry, minmay_pentomino_x2
D:2:      layout_rooms, st_stairs_14, uniq_sigmund, uniq_crazy_yiuf_cottage

Skill      XL: |  1 |
---------------+----+-----
Fighting       | 1 |  1.2
Dodging        | |  1.5
Unarmed Combat | |  3.6
Shapeshifting  | |  3.2

Action                     || total
---------------------------++-------
  Melee: Unarmed           ||    45
 Armour: Animal skin       ||    27
  Dodge: Dodged            ||    12

Table legend: (Time is in decaauts)
 A = Elapsed time spent in this place.
 B = Non-inter-level travel time spent in this place.
 C = Inter-level travel time spent in this place.
 D = Time resting spent in this place.
 E = Time spent auto-exploring this place.
 F = Levels seen in this place.
 G = Mean time per level.
                   A        B        C        D        E       F      G
               +--------+--------+--------+--------+--------+-----+--------+
         Total |    692 |    613 |     79 |      0 |    513 |   2 |  346.0 |
       Dungeon |    692 |    613 |     79 |      0 |    513 |   2 |  346.0 |
               +--------+--------+--------+--------+--------+-----+--------+

Top non-repeatable levels by time:
     D:1: 686 daAuts
     D:2: 6 daAuts
